 Dungeon Crawl Stone Soup version 0.30-a0-760-g5a9884bb7c (webtiles) character file.

Game seed: 1062682286216655795

1080 octoduck the Sneak (level 8, -1/48 HPs)
             Began as an Octopode Transmuter on Feb 12, 2023.
             Slain by a centaur
             ... wielding the +9 war axe "Jithokk" {speed, rPois Dex+3 Stlth+}
              (18 damage)
             ... on level 6 of the Dungeon.
             The game lasted 00:29:13 (7014 turns).

octoduck the Sneak (Octopode Transmuter)            Turns: 7014, Time: 00:29:14

Health: -1/48      AC:  1    Str: 17    XL:     8   Next: 29%
Magic:  13/20      EV: 17    Int: 21    God:
Gold:   121        SH:  0    Dex: 18    Spells: 8/11 levels left

rFire   + . .      SeeInvis .      - Unarmed
rCold   x x .      Faith    .    (no shield)
rNeg    + + .      Spirit   .    (helmet restricted)
rPois   .          Reflect  .    f - amulet of regeneration
rElec   +          Harm     .    b - ring "Hucaev" {rElec rC- rN+ Str+6 Int+5}
rCorr   .          Rampage  .    A - ring of willpower
Will    +....                    B - ring "Pasaaq" {+Blink rElec rC- rN+ Slay+3}
Stlth   +++++                    C - +6 ring of dexterity
HPRegen 1.08/turn                D - ring of protection from fire
MPRegen 0.17/turn                F - ring of magical power
                                 (no ring)
                                 (no ring)

@: no status effects
A: almost no armour, amphibious, 8 rings, camouflage 1, gelatinous body 1,
(nimble swimmer 1), tentacles
a: Evoke Blink


You were on level 6 of the Dungeon.
You visited 1 branch of the dungeon, and saw 6 of its levels.
You also visited: Sewer.

You collected 181 gold pieces.
You spent 60 gold pieces at shops.

Inventory:

Hand Weapons
 k - the +8 dagger of the Nine Ultimatums {venom, rC+ rN+ Int+3}
   (You found it on level 3 of the Dungeon)

   Int:       It affects your intelligence (+3).
   rC:        It protects you from cold.
   rN:        It protects you from negative energy.
 m - a +2 dagger of speed
 o - the +1 whip of the Lesser Evil {drain, rElec Str+3}
   (You found it on level 3 of the Dungeon)

   Str:       It affects your strength (+3).
   rElec:     It insulates you from electricity.
Missiles
 r - 23 poisoned darts (quivered)
 y - a throwing net
Magical Staves
 c - a staff of poison
Jewellery
 a - a ring of fire
 b - the ring "Hucaev" (left tentacle) {rElec rC- rN+ Str+6 Int+5}
   (You acquired it in a sewer)

   [ring of strength]

   Str:       It affects your strength (+6).
   Int:       It affects your intelligence (+5).
   rC:        It makes you vulnerable to cold.
   rElec:     It insulates you from electricity.
   rN:        It protects you from negative energy.
 f - an amulet of regeneration (around mantle)
 A - a ring of willpower (right tentacle)
 B - the ring "Pasaaq" (on tentacle) {+Blink rElec rC- rN+ Slay+3}
   (You took it off a gnoll on level 5 of the Dungeon)

   [ring of positive energy]

   Slay:      It affects your accuracy & damage with ranged weapons and melee
   (+3).
   rC:        It makes you vulnerable to cold.
   rElec:     It insulates you from electricity.
   rN:        It protects you from negative energy.
   +Blink:    It lets you blink.
 C - a +6 ring of dexterity (on tentacle)
 D - a ring of protection from fire (on tentacle)
 F - a ring of magical power (on tentacle)
Wands
 w - a wand of roots (4)
Scrolls
 d - 2 scrolls of teleportation
 e - a scroll of fog
 g - a scroll of poison {unknown}
 j - a scroll of fear {unknown}
 v - a scroll of noise
 x - a scroll of identify
 z - a scroll of enchant weapon
Potions
 h - 2 potions of berserk rage
 i - 3 potions of brilliance
 l - 6 potions of mutation
 n - a potion of cancellation
 p - a potion of flight {unknown}
 q - 3 potions of invisibility
 s - 2 potions of heal wounds
 t - 2 potions of resistance
 u - a potion of attraction
 E - 2 potions of curing


   Skills:
 - Level 1.0 Fighting
 + Level 6.6 Dodging
 - Level 7.3 Stealth
 + Level 5.5 Unarmed Combat
 - Level 2.0 Spellcasting
 - Level 2.0 Transmutations


You had 8 spell levels left.
You knew the following spells:

 Your Spells              Type           Power      Damage    Failure   Level
a - Beastly Appendage     Tmut           20%        N/A       6%          1
b - Wereblood             Tmut           10%        N/A       10%         2

Your spell library contained the following spells:

 Spells                   Type           Power      Damage    Failure   Level
 Ensorcelled Hibernation  Hex/Ice        4%         N/A       22%         2
 Spider Form              Tmut/Pois      6%         N/A       28%         3
 Ozocubu's Armour         Ice            2%         N/A       41%         3
 Ice Form                 Ice/Tmut       6%         N/A       67%         4
 Anguish                  Hex/Necr       1%         N/A       82%         4
 Metabolic Englaciation   Hex/Ice        1%         N/A       99%         5
 Simulacrum               Ice/Necr       1%         N/A       100%        6


Dungeon Overview and Level Annotations

Branches:
Dungeon (6/15)              Sewer (visited)
 Temple: D:4-7

Altars:
Xom
Yredelemnul

Shops:
D:4 (   D:5 !

Annotations:
D:1 1 transporter
D:4 Menkaure


Innate Abilities, Weirdness & Mutations

You cannot wear most types of armour.
You are amphibious.
You can wear up to eight rings at the same time.
Your skin changes colour to match your surroundings (Stealth+).
Your rubbery body absorbs attacks. (AC +1, EV +1)
((You are camouflaged when in or above water. (Stealth+)))
You have tentacles for arms and can constrict up to eight enemies at once.


Message History

There is an open door here.
A scorpion comes into view.
Found a potion of degeneration.
A hound comes into view.
Found a brass ring.
A hound comes into view.
You tentacle-slap the hound. You grab the hound. You squeeze the hound!
The hound is almost dead.
You constrict the hound.
You kill the hound!
You bludgeon the hound! You grab the hound.
The hound is heavily wounded.
You constrict the hound. The hound bites you.
You bludgeon the hound!
You kill the hound!
You see here a hound corpse.
You start waiting.
Done waiting.
You see here a hound corpse.
F - a ring of magical power You feel your magic capacity increase.
F - a ring of magical power (on tentacle)
A centaur comes into view.
It is wielding the +9 war axe "Jithokk" {speed, rPois Dex+3 Stlth+}.
The centaur moves out of view.
Found a ring mail.
The centaur shouts!
The centaur unwields the +9 war axe "Jithokk" {speed, rPois Dex+3 Stlth+}.
The centaur wields a +0 shortbow.
The centaur shoots an arrow.
The arrow completely misses you.
The centaur shoots an arrow.
The arrow hits you!
There is an open door here.
The centaur shoots an arrow.
The arrow completely misses you.
The centaur shoots an arrow.
The arrow hits you!
The centaur unwields a +0 shortbow.
The centaur wields the +9 war axe "Jithokk" {speed, rPois Dex+3 Stlth+}.
The centaur hits you with the +9 war axe "Jithokk" {speed, rPois Dex+3 Stlth+}!
The centaur barely misses you.
You barely miss the centaur.
The centaur hits you with the +9 war axe "Jithokk" {speed, rPois Dex+3 Stlth+}!!
You die...

...........# ##.........#
#........†# .#
###########.# #.# ###
#.....#####.#######.# #..
#.###....#..........#####..
#.# #..<.'..........+...)..
#.# #..÷.#........[.#####..
#.# #....#@.........#.))...
#.# #....#c.........#.#####
#.# #....##..######.)......
#.# #........# #.#.####.
#.# #######.........#.# #.#
###########.# #.#
#...........#
#.#########.###########
#..........)#


You could see a centaur.

Vanquished Creatures
  A centaur (D:5)
  A kobold brigand (Sewer)
  A bullfrog (D:6)
  2 scorpions (D:5)
  A howler monkey (D:5)
  4 hounds
  A jelly (D:4)
  Ijyb (D:4)
  4 iguanas
  2 orc wizards (D:5)
  10 gnolls
  6 adders
  8 river rats (Sewer)
  An ufetubus (D:5)
  2 worms
  5 dart slugs
  13 orcs
  11 ball pythons
  6 bats
  11 endoplasms
  6 giant cockroaches
  5 goblins
  4 hobgoblins
  2 quokkas
  6 frilled lizards
  17 kobolds
  35 rats
166 creatures vanquished.

Notes
Turn   | Place    | Note
-------+----------+-------------------------------------------
     0 | D:1      | octoduck the Octopode Transmuter began the quest for the
                  | Orb.
     0 | D:1      | Reached XP level 1. HP: 13/13 MP: 3/3
    68 | D:1      | Reached skill level 1 in Stealth
   110 | D:1      | Reached XP level 2. HP: 18/18 MP: 5/5
   194 | D:1      | Learned a level 2 spell: Wereblood
   261 | D:1      | Reached skill level 2 in Stealth
   520 | D:1      | Reached XP level 3. HP: 22/23 MP: 6/6
   837 | D:2      | Reached skill level 3 in Stealth
  1165 | D:2      | Found a shimmering altar of Xom.
  1538 | D:3      | Reached XP level 4. HP: 28/28 MP: 7/7
  1586 | D:3      | Identified the +8 dagger of the Nine Ultimatums {venom, rC+
                  | rN+ Int+3}
  1590 | D:3      | Found a faded altar of an unknown god.
  1642 | D:3      | Identified the +1 robe of the Arcane {rN+ Int+3}
  1765 | D:3      | Reached skill level 4 in Stealth
  1908 | D:3      | Identified the +1 whip of the Lesser Evil {drain, rElec
                  | Str+3}
  1911 | D:3      | Found a glowing drain.
  1922 | Sewer    | Entered a sewer
  1973 | Sewer    | Reached XP level 5. HP: 14/33 MP: 8/8
  2227 | Sewer    | Noticed a kobold brigand
  2431 | Sewer    | Reached skill level 5 in Stealth
  3148 | Sewer    | Reached XP level 6. HP: 38/38 MP: 9/9
  3443 | Sewer    | Reached skill level 6 in Stealth
  3571 | Sewer    | Identified a scroll of acquirement
  3571 | Sewer    | Acquired the ring "Hucaev" {rElec rC- rN+ Str+6 Int+5}
  4029 | D:4      | Found Luheinamaj's Antique Weapon Shop.
  4034 | D:4      | Noticed Ijyb
  4178 | D:4      | Noticed Menkaure
  4304 | D:4      | Killed Ijyb
  4308 | D:4      | Reached skill level 7 in Stealth
  4308 | D:4      | Reached XP level 7. HP: 10/43 MP: 10/10
  4678 | D:5      | Entered Level 5 of the Dungeon
  4694 | D:5      | Reached skill level 5 in Dodging
  6024 | D:5      | Found Soboon's Distillery.
  6034 | D:5      | Bought a potion of berserk rage for 60 gold pieces
  6048 | D:5      | Identified the ring "Pasaaq" {+Blink rElec rC- rN+ Slay+3}
  6325 | D:5      | Found a basalt altar of Yredelemnul.
  6666 | D:5      | Reached skill level 5 in Unarmed Combat
  6666 | D:5      | Reached XP level 8. HP: 26/48 MP: 11/11
  7004 | D:6      | Identified the +9 war axe "Jithokk" {speed, rPois Dex+3
                  | Stlth+}
  7014 | D:6      | Slain by a centaur

Illustrated notes

Levels and vault maps discovered:
D:1:      spicycebolla_arrival_transporter_tutorial, layout_basic
D:2:      layout_rooms, basic_altar
D:3:      layout_rooms, portal_sewer_entry_e, chequers_ecumenical_altar_island
D:4:      layout_rooms, serial_shops, shop, chequers_serial_rivers_room_b,
          uniq_ijyb, uniq_menkaure
D:5:      layout_basic, lemuel_coloured_pillars_altar, serial_shops, shop,
          dk_noncrumbling_3
D:6:      layout_basic, uniq_sigmund, uniq_maggie

Skill      XL: |  1  2  3  4  5  6  7 |
---------------+----------------------+-----
Stealth        | 1 2 3 4 5 7 |  7.3
Dodging        | 3 4 6 |  6.6
Unarmed Combat | 5 |  5.5
Fighting       | |  1.0
Spellcasting   | |  2.0
Transmutations | |  2.0

Action                     |  1- 3 |  4- 6 |  7- 9 || total
---------------------------+-------+-------+-------++-------
  Melee: Unarmed           |    79 |   207 |    82 ||   368
         Tentacles         |    15 |    36 |    24 ||    75
         Constrict         |    14 |    51 |    25 ||    90
         Punch             |     1 |     8 |     2 ||    11
         Kick              |     1 |     1 |    13 ||    15
  Throw: Dart              |       |     5 |       ||     5
   Cast: Beastly Appendage |     1 |     4 |     5 ||    10
         Wereblood         |       |     1 |     3 ||     4
    Use: Scroll            |     7 |     9 |     6 ||    22
         Potion            |       |     4 |       ||     4
   Stab: Sleeping          |     9 |    12 |       ||    21
 Armour: Skin              |     7 |    11 |     5 ||    23
  Dodge: Dodged            |    45 |   154 |    50 ||   249

Table legend: (Time is in decaauts)
 A = Elapsed time spent in this place.
 B = Non-inter-level travel time spent in this place.
 C = Inter-level travel time spent in this place.
 D = Time resting spent in this place.
 E = Time spent auto-exploring this place.
 F = Levels seen in this place.
 G = Mean time per level.
                   A        B        C        D        E       F      G
               +--------+--------+--------+--------+--------+-----+--------+
         Total |   6989 |   6339 |    650 |   1625 |   1592 |   7 |  998.4 |
       Dungeon |   5311 |   4661 |    650 |    930 |   1541 |   6 |  885.2 |
         Sewer |   1678 |   1678 |      0 |    695 |     51 |   1 | 1678.0 |
               +--------+--------+--------+--------+--------+-----+--------+

Top non-repeatable levels by time:
     D:5: 1826 daAuts
   Sewer: 1678 daAuts
     D:4: 868 daAuts
     D:2: 834 daAuts
     D:1: 789 daAuts
     D:3: 725 daAuts
     D:6: 268 daAuts
